 Dungeon Crawl Stone Soup version 0.29.1 (webtiles) character file.

Game seed: 15233698328777093586

3 Marcotte the Firebug (level 1, -4/14 HPs)
             Began as a Hill Orc Fire Elementalist on Sept 12, 2022.
             Frozen to death by an endoplasm (5 damage)
             ... on level 1 of the Dungeon.
             The game lasted 00:01:04 (106 turns).

Marcotte the Firebug (Hill Orc Fire Elementalist)    Turns: 106, Time: 00:01:05

Health: -4/14      AC:  2    Str: 10    XL:     1   Next: 50%
Magic:  1/3        EV: 12    Int: 15    God:
Gold:   0          SH:  0    Dex: 11    Spells: 1/3 levels left

rFire   . . .      SeeInvis .   (no weapon)
rCold   . . .      Faith    .   (no shield)
rNeg    . . .      Spirit   .   a - +0 robe
rPois   .          Reflect  .   (no helmet)
rElec   .          Harm     .   (no cloak)
rCorr   .          Rampage  .   (no gloves)
Will    .....                   (no boots)
Stlth   ++........              (no amulet)
HPRegen 0.04/turn               (no ring)
MPRegen 0.08/turn               (no ring)

@: no status effects
A: no striking features
a: no special abilities


You were on level 1 of the Dungeon.
You visited 1 branch of the dungeon, and saw 1 of its levels.

Inventory:

Armour
 a - a +0 robe (worn)
Potions
 b - a potion of magic


   Skills:
 + Level 1.5 Dodging
 + Level 1.9 Stealth
 + Level 1.6 Spellcasting
 + Level 1.0 Conjurations
 + Level 3.2 Fire Magic


You had one spell level left.
You knew the following spells:

 Your Spells              Type           Power      Damage    Failure   Level
a - Foxfire               Conj/Fire      28%        2x1d5     10%         1
b - Magic Dart            Conj           16%        1d3       16%         1

Your spell library contained the following spells:

 Spells                   Type           Power      Damage    Failure   Level
 Scorch                   Fire           22%        2d6       9%          2
 Conjure Flame            Conj/Fire      7%         6-21      28%         3
 Call Imp                 Summ           1%         N/A       34%         2
 Inner Flame              Hex/Fire       6%         N/A       34%         3
 Mephitic Cloud           Conj/Pois/Air  2%         N/A       52%         3
 Flame Wave               Conj/Fire      7%         2d5       67%         4


Dungeon Overview and Level Annotations

Branches:
Dungeon (1/15)

Altars:


Message History

Confirm with . or Enter, or press ? or * to list all spells.
Aiming: Magic Dart (safe; 16% risk of failure)
Press: ? - help, Shift-Dir - straight line, f - endoplasm
Aim: an endoplasm (100% to hit)
The magic dart hits the endoplasm.
The endoplasm is moderately wounded.
Casting: Magic Dart (safe; 16% risk of failure)
Confirm with . or Enter, or press ? or * to list all spells.
Aiming: Magic Dart (safe; 16% risk of failure)
Press: ? - help, Shift-Dir - straight line, f/p - endoplasm
Aim: an endoplasm (moderately wounded, 100% to hit)
The magic dart hits the endoplasm.
The endoplasm is severely wounded.
Casting: Magic Dart (safe; 16% risk of failure)
Confirm with . or Enter, or press ? or * to list all spells.
You don't have enough magic to cast this spell.
Unknown command.
Unknown command.
Casting: Magic Dart (safe; 16% risk of failure)
Confirm with . or Enter, or press ? or * to list all spells.
You don't have enough magic to cast this spell.
Unknown command.
Unknown command.
Welcome back, Marcotte the Hill Orc Fire Elementalist.
Press ? for a list of commands and other information.
The endoplasm freezes you.
You are frozen.
The endoplasm misses you. The endoplasm freezes you.
You are frozen.
The endoplasm hits you. The endoplasm freezes you.
You are frozen.
The endoplasm freezes you.
You are frozen.
* * * LOW HITPOINT WARNING * * *
The endoplasm hits you but does no damage.
The endoplasm freezes you.
You are frozen.
You die...

........ ........
#.#...#.# #.#...#.###.#
# .......... .#.. #
#......# .#.# .#
#.#......##.#.##.#
.................. ....
..#....@J........# #.#.
.................####.#.
........................
............#....# #...
..#...#..#....#..# #...
. #...#..#.......####...
#...#..#...........†..
.....#..##.......####.#
.... #..##...#...# #.#


You could see an endoplasm.

Vanquished Creatures
  A ball python (D:1)
  A hobgoblin (D:1)
  A frilled lizard (D:1)
3 creatures vanquished.

Vanquished Creatures (others)
  2 foxfires (D:1)
2 creatures vanquished.

Grand Total: 5 creatures vanquished

Notes
Turn   | Place    | Note
-------+----------+-------------------------------------------
     0 | D:1      | Marcotte the Hill Orc Fire Elementalist began the quest for
                  | the Orb.
     0 | D:1      | Reached XP level 1. HP: 14/14 MP: 3/3
    60 | D:1      | Learned a level 1 spell: Magic Dart
   106 | D:1      | Frozen to death by an endoplasm

Illustrated notes

Levels and vault maps discovered:
D:1:      dpeg_arrival_long_road, layout_basic, grunt_decor_mini_mirrors,
          chequers_arboretum, minivault_23, chequers_mini_garden

Action                   || total
-------------------------++-------
 Cast: Magic Dart        ||     4
       Foxfire           ||     1
Armor: Robe              ||     1
Dodge: Dodged            ||     5
